 Seeded DCSS version 0.29-a0-96-g93358da72b (webtiles) character file.

Game seed: 20220213 (custom seed)

100 a11behringer the Cudgeller (level 4, -1/43 HPs)
             Began as a Gargoyle Berserker on Feb 13, 2022.
             Was a Believer of Trog.
             Slain by an orc priest (5 damage)
             ... on level 3 of the Dungeon.
             The game lasted 00:03:21 (1731 turns).

a11behringer the Cudgeller (Gargoyle Berserker)     Turns: 1731, Time: 00:03:22

Health: -1/43      AC:  6    Str: 23    XL:     4   Next: 74%
Magic:  13/13      EV: 11    Int:  7    God:    Trog [**....]
Gold:   78         SH:  0    Dex:  9    Spells: 3/3 levels left

rFire   + . .      SeeInvis .   a - +0 mace
rCold   . . .      Faith    .   (no shield)
rNeg    + . .      Spirit   .   f - +0 leather armour
rPois   ∞          Reflect  .   (no helmet)
rElec   +          Harm     .   (no cloak)
rCorr   .          Rampage  .   (no gloves)
Will    .....                   (no boots)
Stlth   ..........              (no amulet)
HPRegen 0.14/turn               e - ring of protection from fire
MPRegen 0.13/turn               k - ring of magical power

@: berserking, very quick
A: sickness immunity, AC +3, negative energy resistance 1, electricity
resistance, torment resistance 1, petrification resistance
a: Renounce Religion, Berserk, Trog's Hand


You were on level 3 of the Dungeon.
You worshipped Trog.
Trog was pleased with you.
You visited 1 branch of the dungeon, and saw 3 of its levels.

You collected 78 gold pieces.

Inventory:

Hand Weapons
 a - a +0 mace (weapon)
 i - a +0 vorpal spear
Missiles
 c - 41 arrows
Armour
 b - a +0 animal skin
 f - a +0 leather armour (worn)
Jewellery
 e - a ring of protection from fire (left hand)
 k - a ring of magical power (right hand)
Scrolls
 d - a scroll of fear {unknown}
 j - a scroll of identify {unknown}
Potions
 g - a potion of curing {unknown}
 h - a potion of attraction {unknown}


   Skills:
 + Level 3.8 Fighting
 * Level 4.6 Maces & Flails
 + Level 2.3 Armour
 + Level 2.0 Dodging


You had 3 spell levels left.
You didn't know any spells.
Your spell library was empty.

Dungeon Overview and Level Annotations

Branches:
Dungeon (3/15)

Altars:


Innate Abilities, Weirdness & Mutations

You are immune to sickness and miasma.
Your stone body is resilient. (AC +3)
You are immune to poison.
You resist negative energy. (rN+)
You are resistant to electric shocks. (rElec)
You are resistant to unholy torment.
You are immune to petrification.


Message History

Trog accepts your kill.
No target in view!
An orc comes into view. It is wielding a +0 hand axe.
An orc priest comes into view. It is wielding a +0 hand axe.
The orc priest shouts!
An orc comes into view. It is wielding a +0 dagger.
The orc closely misses you.
You barely miss the orc. The orc barely misses you.
You barely miss the orc. You closely miss the orc.
The orc completely misses you.
You hit the orc but do no damage. The orc barely misses you. x2
The orc hits you with a +0 hand axe.
You closely miss the orc priest. The orc hits you but does no damage.
The orc priest calls down the wrath of Beogh upon you.
Beogh smites you!
Ouch! That really hurt!
* * * LOW HITPOINT WARNING * * *
The orc closely misses you. The orc misses you.
The orc priest barely misses you.
A red film seems to cover your vision as you go berserk!
You feel yourself moving faster!
You feel mighty! The orc misses you. The orc hits you but does no damage.
The orc priest closely misses you.
You closely miss the orc priest. The orc closely misses you.
You barely miss the orc priest. The orc barely misses you.
The orc priest closely misses you.
You sock the orc priest!
The orc priest is severely wounded.
The orc closely misses you. The orc hits you but does no damage.
The orc priest miscasts a cantrip.
You closely miss the orc priest.
The orc priest is severely wounded.
The orc hits you but does no damage. x2
The orc priest invokes the aid of Beogh against you.
Beogh smites you!
* * * LOW HITPOINT WARNING * * *
You closely miss the orc priest.
The orc priest is severely wounded.
The orc closely misses you. The orc barely misses you.
The orc priest hits you with a +0 hand axe.
You die...

#...........##...
..####...........##...
.....................
###............##...
#............###.#
##.##############.#
#.......# #.......#
#.......###.......#
#o@o..............#
##o#####.....####.#
... #.....####.# #...#
#........... #...#
#...).####.# #...#
#........#.. #...#
#......##### #...#
####.#..[... #.#......


You could see an orc priest and 2 orcs.

Vanquished Creatures
  Jessica (D:3)
  A scorpion zombie (D:3)
  A worm (D:3)
  A dart slug (D:1)
  3 orcs (D:3)
  3 ball pythons
  4 endoplasms
  2 giant cockroaches (D:1)
  6 goblins
  3 hobgoblins (D:1)
  2 kobolds (D:1)
  5 quokkas
  A bat (D:1)
  A frilled lizard (D:3)
  3 rats
37 creatures vanquished.

Notes
Turn   | Place    | Note
-------+----------+-------------------------------------------
     0 | D:1      | a11behringer the Gargoyle Berserker began the quest for the
                  | Orb.
     0 | D:1      | Reached XP level 1. HP: 14/14 MP: 1/1
   347 | D:1      | Reached XP level 2. HP: 19/19 MP: 2/2
   587 | D:1      | Reached XP level 3. HP: 17/23 MP: 3/3
  1163 | D:3      | Reached ** piety under Trog
  1220 | D:3      | Reached skill level 4 in Maces & Flails
  1220 | D:3      | Reached XP level 4. HP: 15/29 MP: 4/4
  1680 | D:3      | Noticed Jessica
  1693 | D:3      | Killed Jessica
  1731 | D:3      | Slain by an orc priest

Illustrated notes

Levels and vault maps discovered:
D:1:      psy_arrival_statuary, layout_basic
D:2:      layout_rooms, basic_altar, uniq_terence, uniq_sigmund
D:3:      layout_basic, uniq_ijyb, uniq_jessica

Skill      XL: |  1  2  3  4 |
---------------+-------------+-----
Maces & Flails | 4 |  4.6
Dodging        | 2 |  2.0
Fighting       | |  3.8
Armour         | |  2.3

Action                   |  1- 3 |  4- 6 || total
-------------------------+-------+-------++-------
Melee: Mace              |    79 |    26 ||   105
Invok: Berserk           |     1 |     1 ||     2
Armor: Animal skin       |     9 |       ||     9
       Leather armour    |    17 |     9 ||    26
Dodge: Dodged            |    49 |    22 ||    71

Table legend: (Time is in decaauts)
 A = Elapsed time spent in this place.
 B = Non-inter-level travel time spent in this place.
 C = Inter-level travel time spent in this place.
 D = Time resting spent in this place.
 E = Time spent auto-exploring this place.
 F = Levels seen in this place.
 G = Mean time per level.
                   A        B        C        D        E       F      G
               +--------+--------+--------+--------+--------+-----+--------+
         Total |   1755 |   1701 |     54 |      0 |   1426 |   3 |  585.0 |
       Dungeon |   1755 |   1701 |     54 |      0 |   1426 |   3 |  585.0 |
               +--------+--------+--------+--------+--------+-----+--------+

Top non-repeatable levels by time:
     D:1: 1066 daAuts
     D:3: 665 daAuts
     D:2: 22 daAuts
